 Dungeon Crawl Stone Soup version 0.21-a0-450-gd87a9b2 (webtiles) character file.

133 Megalobster the Shield-Bearer (level 4, -2/42 HPs)
             Began as a Deep Dwarf Fighter on Nov 18, 2017.
             Slain by a crocodile (12 damage)
             ... in a sewer.
             The game lasted 00:05:01 (1511 turns).

Megalobster the Shield-Bearer (Deep Dwarf Fighter)  Turns: 1511, Time: 00:05:02

Health: -2/42      AC:  7    Str: 20    XL:     4   Next: 93%
Magic:  4/4        EV:  7    Int:  9    God:
Gold:   144        SH:  9    Dex: 12    Spells: 3/3 levels left

rFire    . . .     SeeInvis .   a - +0 war axe
rCold    . . .     Gourm    .   c - +0 shield
rNeg     . . .     Faith    .   b - +0 scale mail
rPois    .         Spirit   .   (no helmet)
rElec    .         Reflect  .   (no cloak)
rCorr    .         Harm     .   (no gloves)
MR       .....                  (no boots)
Stlth    ..........             (no amulet)
HPRegen  0.00/turn              (no ring)
MPRegen  0.09/turn              (no ring)

@: non-regenerating
A: damage resistance, heal wounds, sense surroundings 1, no regeneration
a: Heal Wounds


You were in a sewer.
You were not hungry.

You visited 1 branch of the dungeon, and saw 3 of its levels.
You also visited: Sewer.

You collected 144 gold pieces.

Inventory:

Hand Weapons
 a - a +0 war axe (weapon)
Armour
 b - a +0 scale mail (worn)
 c - a +0 shield (worn)
Scrolls
 g - a scroll of magic mapping {unknown}
 l - 2 scrolls of teleportation {unknown}
 m - a scroll of remove curse {unknown}
 n - 2 scrolls of identify {unknown}
 p - a scroll of blinking {unknown}
Potions
 d - 2 potions of might
 e - a potion of heal wounds {unknown}
 h - a potion of agility {unknown}
 j - a potion of cancellation {unknown}
 k - a potion of curing {unknown}
 r - a potion of berserk rage {unknown}
Comestibles
 f - 4 bread rations
 i - 2 royal jellies
 o - 5 fruits
 q - 14 chunks of flesh


   Skills:
 + Level 3.3 Fighting
 * Level 3.9 Axes
 + Level 4.0 Armour
 + Level 4.1 Shields


You had 3 spell levels left.
You didn't know any spells.

Dungeon Overview and Level Annotations

Branches:
Dungeon (3/15)

Altars:
Okawaru
Vehumet


Innate Abilities, Weirdness & Mutations

You are resistant to damage.
You can heal yourself by infusing magical energy.
You passively map a small area around you.
You do not regenerate.


Message History

You closely miss the crocodile. You block the crocodile's attack. x2
You hit the crocodile but do no damage. You block the crocodile's attack.
You hit the crocodile but do no damage. You block the crocodile's attack.
You closely miss the crocodile. You block the crocodile's attack.
The crocodile bites you!
You slash the crocodile!
The crocodile is moderately wounded.
The crocodile bites you but does no damage.
You hit the crocodile but do no damage.
The crocodile is moderately wounded.
You block the crocodile's attack. The crocodile bites you!
* * * LOW HITPOINT WARNING * * *
You hit the crocodile.
The crocodile is heavily wounded.
The crocodile bites you.
You fail to use your ability.
The crocodile barely misses you.
You fail to use your ability.
The crocodile bites you.
* * * LOW HITPOINT WARNING * * *
You fail to use your ability.
The crocodile bites you!
You die...

#.# #.# #######
#.# ##.....## #.#
##...≈...#
#.#######...≈≈≈...
#..........≈≈≈≈≈.∩
#.#######...≈≈≈...
#.# ##...≈.÷.# #@#
##.....## **#t#
####### ... .....,
....... #.......#
#.......#
#..$$$..# ,


You could see a crocodile.

Vanquished Creatures
  An orc priest (D:3)
  An adder (D:2)
  2 gnolls (D:2)
  An ooze (D:2)
  2 worms (D:2)
  2 dart slugs (D:1)
  A leopard gecko (D:2)
  2 orcs (D:3)
  2 ball pythons (D:3)
  8 bats
  A giant cockroach (D:1)
  5 goblins
  6 hobgoblins
  8 jackals
  5 kobolds
  A quokka (D:2)
  3 frilled lizards (D:1)
  6 rats
57 creatures vanquished.

Notes
Turn   | Place    | Note
-------+----------+-------------------------------------------
     0 | D:1      | Megalobster the Deep Dwarf Fighter began the quest for the Orb.
     0 | D:1      | Reached XP level 1. HP: 20/20 MP: 1/1
   111 | D:1      | Reached XP level 2. HP: 27/27 MP: 2/2
   455 | D:2      | Reached XP level 3. HP: 29/33 MP: 3/3
   809 | D:2      | Found a radiant altar of Vehumet.
  1196 | D:2      | Reached XP level 4. HP: 42/42 MP: 4/4
  1220 | D:2      | Found an iron altar of Okawaru.
  1394 | D:3      | Found a glowing drain.
  1435 | Sewer    | Entered a sewer
  1495 | Sewer    | Noticed a crocodile
  1511 | Sewer    | Slain by a crocodile

Vault maps used:
D:1:      scummos_arrival_hexagon, serial_corexii_hall, corexii_hall_statues_i,
          corexii_hall_statues_deadend
D:2:      okawaru_altar_gauntlet_db, vehumet_crystals, first_bread
D:3:      kennysheep_the_goblin_king, cheibrodos_sewer_entry_drain, uniq_grinder
Sewer:    sewer_big_baddie

Skill      XL: |  1  2  3  4 |
---------------+-------------+-----
Axes           | 3 |  3.9
Fighting       | 3 |  3.3
Armour         | 4 |  4.0
Shields        | 4 |  4.1

Action                   |  1- 3 |  4- 6 || total
-------------------------+-------+-------++-------
Melee: War axe           |   116 |    46 ||   162
 Abil: Heal Wounds       |     1 |       ||     1
  Eat: Chunk             |     1 |     1 ||     2
Armor: Scale mail        |    52 |    36 ||    88
Dodge: Dodged            |    44 |    19 ||    63
Block: Shield            |    61 |    35 ||    96

Table legend:
 A = Spawn XP
 B = Non-spawn XP
 C = Spawn XP percentage of total XP
 D = Spawn monster count
 E = Non-spawn monster count
 F = Spawn count percentage of total count
 G = Total turns spent on level
                    A         B        C        D         E        F      G
               +---------+---------+-------+---------+---------+-------+---------
         Total |       0 |     190 |   0.0 |       0 |      57 |   0.0 |  1511
               +---------+---------+-------+---------+---------+-------+---------
           D:1 |       0 |      27 |   0.0 |       0 |      14 |   0.0 |   427
           D:2 |       0 |     101 |   0.0 |       0 |      29 |   0.0 |   900
           D:3 |       0 |      56 |   0.0 |       0 |       9 |   0.0 |   108
         Sewer |       0 |       6 |   0.0 |       0 |       5 |   0.0 |    76
               +---------+---------+-------+---------+---------+-------+---------
